 Seeded DCSS version 0.28-a0-1389-gc726bef33b (webtiles) character file.

Game seed: 6950911245894813293 (custom seed)

406 flotson the Ducker (level 6, -3/47 HPs)
             Began as a Demonspawn Gladiator on Jan 3, 2022.
             Slain by a gnoll (7 damage)
             ... on level 4 of the Dungeon.
             The game lasted 00:05:19 (5386 turns).

flotson the Ducker (Demonspawn Gladiator)           Turns: 5386, Time: 00:05:19

Health: -3/47      AC:  7    Str: 16    XL:     6   Next: 56%
Magic:  6/6        EV: 11    Int: 10    God:
Gold:   126        SH:  0    Dex: 14    Spells: 5/5 levels left

rFire   . . .      SeeInvis .   a - +3 flail (drain)
rCold   . . .      Faith    .   (no shield)
rNeg    . . .      Spirit   .   n - +0 scale mail
rPois   .          Reflect  .   c - +0 helmet
rElec   .          Harm     .   (no cloak)
rCorr   .          Rampage  .   (no gloves)
Will    .....                   (no boots)
Stlth   ..........              (no amulet)
HPRegen 0.15/turn               (no ring)
MPRegen 0.10/turn               (no ring)

@: no status effects
A: hooves 2, demonic guardian 1, sturdy frame 1
a: no special abilities


You were on level 4 of the Dungeon.
You visited 1 branch of the dungeon, and saw 4 of its levels.

You collected 126 gold pieces.

Inventory:

Hand Weapons
 a - a +3 flail of draining (weapon)
 b - a +0 broad axe
Missiles
 d - 4 throwing nets (quivered)
 f - 11 poisoned darts
 m - a boomerang
Armour
 c - a +0 helmet (worn)
 n - a +0 scale mail (worn)
Scrolls
 g - 2 scrolls of identify {unknown}
 h - a scroll of amnesia {unknown}
 i - a scroll of summoning {unknown}
 k - a scroll of vulnerability {unknown}
 p - a scroll of fear {unknown}
Potions
 e - a potion of haste {unknown}
 j - a potion of curing {unknown}
 l - a potion of might {unknown}
 o - a potion of attraction {unknown}
 q - a potion of mutation {unknown}


   Skills:
 + Level 3.6 Fighting
 + Level 2.4(3.0) Axes
 - Level 2.6(3.2) Maces & Flails
 + Level 3.2 Throwing
 + Level 2.5 Armour
 + Level 3.8 Dodging


You had 5 spell levels left.
You didn't know any spells.
Your spell library contained the following spells:

 Spells                   Type           Power      Damage    Failure   Level
 Ignite Poison            Fire/Tmut/Pois 0%         N/A       95%         3
 Mephitic Cloud           Conj/Pois/Air  0%         N/A       95%         3
 Freezing Cloud           Conj/Ice/Air   0%         6-21      100%        5


Dungeon Overview and Level Annotations

Branches:
Dungeon (4/15)
 Temple: D:4-7

Altars:


Innate Abilities, Weirdness & Mutations

You have hoof-like feet.
A weak demonic guardian rushes to your aid.
Your movements are slightly less encumbered by armour. (ER -2)


Message History

You open the door.
A gnoll comes into view. It is wielding a +0 flail.
The gnoll shouts!
You hear a shout!
A gnoll comes into view. It is wielding a +0 club.
You hear a shout!
A gnoll and a gnoll shaman come into view.
The gnoll is wielding a +2 flail of protection.
The gnoll shaman shouts!
The gnoll misses you.
There is an open door here.
You thump the gnoll!
You kill the gnoll!
A goblin comes into view. It is wielding a +0 club.
The goblin shouts!
The gnoll hits you with a +0 flail.
There is an open door, spattered with blood here.
You see here a +0 club.
You barely miss the gnoll. The gnoll hits you with a +0 flail.
The gnoll closely misses you. The gnoll hits you with a +0 flail!
You sock the gnoll!
The gnoll is heavily wounded.
The gnoll hits you with a +0 flail!
You are too injured to fight recklessly!
The gnoll shaman calls upon its god to speed up the gnoll.
The gnoll seems to speed up.
The gnoll completely misses you.
There is an open door here.
The gnoll shaman calls upon its god to speed up the gnoll.
The gnoll seems to speed up.
The gnoll hits you with a +0 flail! The gnoll barely misses you.
The gnoll hits you with a +0 flail.
* * * LOW HITPOINT WARNING * * *
A demonic guardian appears!
The gnoll shaman calls upon its god to heal the gnoll.
The gnoll is healed somewhat.
The gnoll hits you with a +2 flail of protection.
* * * LOW HITPOINT WARNING * * *
The gnoll hits you with a +0 flail!
You die...

#.......# #.......# #.......#
## #.......#
.#######.......##########
...#.................#..##
.....#...............#...#
.....+..........5g...'...#
#....#..........@g...########+#
#....####'########.............
......+..........#.............
......#..........#...g.........
#..######..#######....g........
#..######+##
........#'#########
...#....#..#
........#..........
...'....#..#
.........#..........
...#....+<.#
.........+......)...


You could see a gnoll shaman, 2 gnolls, a goblin and a friendly white imp
(summoned).

Vanquished Creatures
  A centaur (D:4)
  A centaur zombie (D:4)
  An iguana (D:4)
  An orc wizard (D:3)
  11 gnolls
  3 adders
  2 worms
  3 dart slugs
  8 orcs (D:3)
  6 bats
  5 endoplasms
  2 giant cockroaches
  9 goblins
  4 hobgoblins
  3 jackals (D:1)
  6 quokkas
  2 ball pythons
  5 frilled lizards
  A jackal zombie (D:3)
  8 kobolds
  10 rats
92 creatures vanquished.

Vanquished Creatures (collateral kills)
  A gnoll (D:2)
1 creature vanquished.

Vanquished Creatures (others)
  2 demonic plants (D:2)
  3 fungi (D:2)
  2 withered plants (D:2)
7 creatures vanquished.

Grand Total: 100 creatures vanquished

Notes
Turn   | Place    | Note
-------+----------+-------------------------------------------
     0 | D:1      | flotson the Demonspawn Gladiator began the quest for the
                  | Orb.
     0 | D:1      | Reached XP level 1. HP: 16/16 MP: 1/1
   214 | D:1      | Gained mutation: Your movements are slightly less
                  | encumbered by armour. (ER -2) [demonic ancestry]
   214 | D:1      | Reached XP level 2. HP: 20/22 MP: 2/2
   712 | D:1      | Gained mutation: You have large cloven feet. [demonic
                  | ancestry]
   712 | D:1      | Reached XP level 3. HP: 20/28 MP: 3/3
   751 | D:1      | Reached skill level 1 in Axes
   751 | D:1      | Reached skill level 1 in Armour
  1523 | D:1      | Gained mutation: A weak demonic guardian rushes to your
                  | aid. [demonic ancestry]
  1523 | D:1      | Reached XP level 4. HP: 16/34 MP: 4/4
  2444 | D:2      | Found a faded altar of an unknown god.
  2774 | D:2      | Reached XP level 5. HP: 40/40 MP: 5/5
  3293 | D:2      | Found a faded altar of an unknown god.
  4964 | D:4      | Noticed a centaur
  4973 | D:4      | Killed a centaur
  4974 | D:4      | Gained mutation: You have hoof-like feet. [demonic
                  | ancestry]
  4974 | D:4      | Reached XP level 6. HP: 36/47 MP: 6/6
  5386 | D:4      | Slain by a gnoll

Illustrated notes

Levels and vault maps discovered:
D:1:      dpeg_arrival_rooms_b, layout_basic, minmay_tree_intersection
D:2:      layout_basic, shapermc_ecumenical_altar_gd, kennysheep_doodads,
          minivault_26
D:3:      minmay_evil_eye, layout_rooms, chequers_avenue,
          kennysheep_generic_room_2
D:4:      layout_gridville, mainiacjoe_overflow_paths, st_stairs_9, uniq_ijyb

Skill      XL: |  1  2  3  4  5 |
---------------+----------------+-----
Throwing       | 2 3 |  3.2
Dodging        | 3 |  3.8
Axes           | 1 2 |  2.4
Armour         | 1 2 |  2.5
Fighting       | 3 |  3.6
Maces & Flails | |  2.6

Action                   |  1- 3 |  4- 6 || total
-------------------------+-------+-------++-------
Melee: Flail             |    85 |    54 ||   139
       Whip              |    10 |   124 ||   134
       Kick              |     8 |    48 ||    56
Armor: Leather armour    |    18 |       ||    18
       Ring mail         |    18 |    38 ||    56
       Scale mail        |       |    12 ||    12
Dodge: Dodged            |    76 |   119 ||   195

Table legend: (Time is in decaauts)
 A = Elapsed time spent in this place.
 B = Non-inter-level travel time spent in this place.
 C = Inter-level travel time spent in this place.
 D = Time resting spent in this place.
 E = Time spent auto-exploring this place.
 F = Levels seen in this place.
 G = Mean time per level.
                   A        B        C        D        E       F      G
               +--------+--------+--------+--------+--------+-----+--------+
         Total |   5422 |   5261 |    161 |    847 |   3598 |   4 | 1355.5 |
       Dungeon |   5422 |   5261 |    161 |    847 |   3598 |   4 | 1355.5 |
               +--------+--------+--------+--------+--------+-----+--------+

Top non-repeatable levels by time:
     D:1: 2299 daAuts
     D:2: 1749 daAuts
     D:3: 946 daAuts
     D:4: 427 daAuts
